 Dungeon Crawl Stone Soup version 0.30-a0-365-ge7f957f1db (webtiles) character file.

Game seed: 13801936030096273619

28893 bande the Severer (level 13, -6/116 HPs)
             Began as a Minotaur Fighter on Nov 16, 2022.
             Was the Champion of Okawaru.
             Mangled by a death yak (8 damage)
             ... on level 4 of the Lair of Beasts.
             The game lasted 00:26:00 (17516 turns).

bande the Severer (Minotaur Fighter)               Turns: 17516, Time: 00:26:01

Health: -6/116     AC: 29    Str: 21    XL:     13   Next: 12%
Magic:  17/17      EV:  6    Int:  5    God:    Okawaru [******]
Gold:   2125       SH:  6    Dex: 15    Spells: 12/12 levels left

rFire   + . .      SeeInvis .    a - +1 war axe (freeze)
rCold   . . .      Faith    .    c - +0 buckler
rNeg    . . .      Spirit   .    r - +0 plate armour
rPois   .          Reflect  .    m - +2 hat
rElec   .          Harm     .    v - +0 cloak
rCorr   .          Rampage  .    z - +2 pair of gloves
Will    .....                    k - +2 pair of boots {Fly}
Stlth   ..........               (no amulet)
HPRegen 0.39/turn                l - ring of protection from fire
MPRegen 0.15/turn                p - +4 ring of protection

@: flying
A: horns 2, retaliatory headbutt, mutation resistance 1
a: Renounce Religion, Heroism, Finesse, Duel


You were on level 4 of the Lair of Beasts.
You worshipped Okawaru.
Okawaru was exalted by your worship.
You visited 3 branches of the dungeon, and saw 16 of its levels.
You also visited: Ossuary.

You collected 2125 gold pieces.

Inventory:

Hand Weapons
 a - a +1 war axe of freezing (weapon)
 E - a +1 flail of protection
Missiles
 e - 5 throwing nets (quivered)
Armour
 c - a +0 buckler (worn)
 i - the +0 cloak of Zamiatz {rPois rC+ Will- Int+4}
   (Okawaru gifted it to you on level 2 of the Lair of Beasts)

   Int:       It affects your intelligence (+4).
   rC:        It protects you from cold.
   rPois:     It protects you from poison.
   Will:      It decreases your willpower.
 k - a +2 pair of boots of flying (worn)
 m - a +2 hat (worn)
 r - a +0 plate armour (worn)
 v - a +0 cloak (worn)
 z - a +2 pair of gloves (worn)
 J - a +1 scale mail of cold resistance
 O - a +2 scale mail of poison resistance
Jewellery
 g - an amulet of magic regeneration
 l - a ring of protection from fire (left hand)
 p - a +4 ring of protection (right hand)
 y - a ring of see invisible
 C - a ring of ice
 N - a +6 ring of strength
Wands
 f - a wand of mindburst (23)
 t - a wand of polymorph (16)
 B - a wand of digging (8)
 D - a wand of quicksilver (5)
 H - a wand of paralysis (8)
 I - a wand of flame (10)
Scrolls
 n - a scroll of blinking
 o - 5 scrolls of magic mapping
 q - 5 scrolls of teleportation
 u - 3 scrolls of enchant weapon
 A - 2 scrolls of amnesia
 G - a scroll of enchant armour
 L - 2 scrolls of brand weapon
Potions
 b - 3 potions of haste
 d - 3 potions of might
 j - 10 potions of curing
 s - 3 potions of heal wounds
 w - 4 potions of mutation
 x - 3 potions of invisibility
 F - 4 potions of brilliance
 K - a potion of berserk rage {unknown}
 M - a potion of resistance {unknown}


   Skills:
 + Level 11.0 Fighting
 + Level 15.9 Axes
 + Level 11.5 Armour
 + Level 8.9 Shields
 * Level 7.6 Invocations
 * Level 7.7 Evocations


You had 12 spell levels left.
You didn't know any spells.
Your spell library contained the following spells:

 Spells                   Type           Power      Damage    Failure   Level
 Necrotise                Necr           0%         1d4       100%        1
 Ensorcelled Hibernation  Hex/Ice        0%         N/A       100%        2
 Passwall                 Tmut/Erth      0%         N/A       100%        2
 Ignite Poison            Fire/Tmut/Pois 0%         N/A       100%        3
 Kindle Blastsparks       Fire/Tloc/Air  0%         2d10      100%        3
 Spider Form              Tmut/Pois      0%         N/A       100%        3
 Swiftness                Air            0%         N/A       100%        3
 Vampiric Draining        Necr           0%         2d6       100%        3
 Airstrike                Air            0%         2d(0-16)  100%        4
 Anguish                  Hex/Necr       0%         N/A       100%        4
 Cause Fear               Hex            0%         N/A       100%        4
 Agony                    Necr           0%         N/A       100%        5
 Freezing Cloud           Conj/Ice/Air   0%         6-21      100%        5
 Lightning Bolt           Conj/Air       0%         1d11      100%        5
 Dragon Form              Tmut           0%         N/A       100%        7
 Summon Lightning Spire   Summ/Air       Unusable   N/A       N/A         4
 Dragon's Call            Summ           Unusable   N/A       N/A         9

Dungeon Overview and Level Annotations

Branches:
Dungeon (11/15)            Temple (1/1) D:5            Lair (4/5) D:10
 Shoals (0/4) Lair:3       Spider (0/4) Lair:2        Slime (0/5) Lair:4
    Orc (0/2) D:9         Ossuary (visited)

Altars:
Ashenzari
Cheibriados
Dithmenos
Elyvilon
Fedhas
Gozag
Kikubaaqudgha
Makhleb
Nemelex Xobeh
Okawaru
Ru
Sif Muna
Trog
Uskayaw
Wu Jian
Yredelemnul
Zin
The Shining One
Jiyva


Innate Abilities, Weirdness & Mutations

You have a pair of horns on your head.
You reflexively headbutt those who attack you in melee.
You are somewhat resistant to further mutation.


Message History

You kill the death yak!
Okawaru is honoured by your kill.
You hit the death yak but do no damage. The death yak gores you!
You see here a death yak corpse.
You hit the death yak. You freeze the death yak.
The death yak is heavily wounded.
The death yak gores you but does no damage.
You barely miss the death yak.
You headbutt the death yak, but do no damage.
The death yak is heavily wounded.
The death yak gores you.
* * * LOW HITPOINT WARNING * * *
You hit the death yak but do no damage.
The death yak is heavily wounded.
You block the death yak's attack.
You hit the death yak but do no damage. You headbutt the death yak!
The death yak is heavily wounded.
You hit the death yak but do no damage.
The death yak is heavily wounded.
The death yak gores you but does no damage.
You barely miss the death yak.
The death yak is heavily wounded.
The death yak gores you!
* * * LOW HITPOINT WARNING * * *
Unknown command.
You hit the death yak. You freeze the death yak. You headbutt the death yak!
The death yak is severely wounded.
You hit the death yak. You freeze the death yak.
Your headbutt misses the death yak.
The death yak is almost dead.
The death yak gores you!
* * * LOW HITPOINT WARNING * * *
You hit the death yak but do no damage.
The death yak is almost dead.
You block the death yak's attack.
You hit the death yak but do no damage.
The death yak is almost dead.
The death yak gores you!
You die...

≈≈.#....+.. #...#
≈~.......#..# ##...
≈.......# ##. #...####
~.......###...####.....#
......................##
......................##
.........#.....##Y#....#
..P#.....##.....Y###..##
..##......#.#..#@.##..##
..# ....##.....#.##...#
..# ......##._....#...##
..# ..........>.......#
..##.......##.....##...#
...#.....##....#..##..##
..##......#..##.#..#.##
..##.....####.#.#.##.#
...#.....##.......##.#


You could see 2 death yaks.

Vanquished Creatures
  A two-headed ogre (D:9)
  The ghost of Taurus the Cleaver, a novice MiFi of the Shining One (D:9)
  4 death yaks (Lair:4)
  Maurice (D:9)
  4 elephants (Lair:2)
  3 cane toads
  2 kobold demonologists (D:10)
  A torpor snail (Lair:4)
  Psyche (D:9)
  2 rime drakes
  5 komodo dragons
  2 trolls (D:10)
  6 polar bears
  2 hornets (D:8)
  13 blink frogs
  2 culicivoras (Lair:2)
  A wraith (D:10)
  Grum (D:10)
  A wyvern (Lair:3)
  5 basilisks
  22 yaks
  The ghost of THTSBRD the Thrower, an amateur GnWn of Zin (D:4)
  A redback (Lair:2)
  2 vampire mosquitoes (D:10)
  Duvessa (D:5)
  An acid dragon (D:9)
  17 water moccasins
  5 orc warriors
  11 black bears
  An ice beast (D:8)
  3 sky beasts
  20 wolves
  An ogre (D:7)
  A centaur (D:7)
  A phantom (D:5)
  6 kobold brigands
  4 elf zombies (Ossuary)
  2 gnoll sergeants
  4 scorpions
  11 bullfrogs
  4 necrophages
  6 wights
  Dowan (D:5)
  7 howler monkeys
  A centaur zombie (Ossuary)
  15 jellies
  3 hounds
  2 human zombies (Ossuary)
  7 orc priests
  2 gnoll boudas
  Crazy Yiuf (D:3)
  5 iguanas
  12 orc wizards
  6 hell rats (Lair:4)
  3 hound zombies (Ossuary)
  3 mummies (Ossuary)
  35 gnolls
  10 adders
  2 river rats (Lair:1)
  2 shadow imps (D:6)
  2 white imps (D:6)
  An ufetubus (D:5)
  5 adder zombies (Ossuary)
  2 worms (D:2)
  2 dart slugs (D:3)
  53 orcs
  6 bats
  6 endoplasms
  3 giant cockroaches
  A gnoll zombie (Ossuary)
  4 goblins
  15 hobgoblins
  15 jackals (D:4)
  25 kobolds
  3 quokkas
  8 ball pythons
  5 frilled lizards
  A goblin zombie (Ossuary)
  A hobgoblin zombie (Ossuary)
  6 jackal zombies (Ossuary)
  4 kobold zombies (Ossuary)
  An orc zombie (Ossuary)
  3 quokka zombies
  7 rats
  4 rat zombies
483 creatures vanquished.

Vanquished Creatures (others)
  2 demonic plants (D:1)
  6 fungi
  20 plants
28 creatures vanquished.

Grand Total: 511 creatures vanquished

Notes
Turn   | Place    | Note
-------+----------+-------------------------------------------
     0 | D:1      | bande the Minotaur Fighter began the quest for the Orb.
     0 | D:1      | Reached XP level 1. HP: 19/19 MP: 0/0
    33 | D:1      | Reached XP level 2. HP: 25/27 MP: 1/1
   110 | D:1      | Found a faded altar of an unknown god.
   259 | D:1      | Reached XP level 3. HP: 33/33 MP: 2/2
   606 | D:2      | Reached skill level 3 in Axes
   724 | D:2      | Reached XP level 4. HP: 40/40 MP: 3/3
  1194 | D:3      | Reached skill level 4 in Axes
  1272 | D:3      | Reached XP level 5. HP: 13/47 MP: 4/4
  1684 | D:3      | Found a runed translucent door.
  1685 | D:3      | Noticed Crazy Yiuf
  1896 | D:3      | Reached skill level 5 in Armour
  1996 | D:3      | Reached skill level 5 in Axes
  2337 | D:3      | Killed Crazy Yiuf
  2338 | D:3      | Reached XP level 6. HP: 41/55 MP: 5/5
  2434 | D:4      | Found a runed translucent door.
  2435 | D:4      | Noticed THTSBRD's ghost (amateur GnWn)
  2525 | D:4      | Found a bloodstained altar of Trog.
  2614 | D:4      | Found a sacrificial altar of Ru.
  2615 | D:4      | Noticed an orc warrior
  2643 | D:4      | Reached skill level 5 in Fighting
  2645 | D:4      | Killed an orc warrior
  2646 | D:4      | Reached skill level 6 in Axes
  2646 | D:4      | Reached XP level 7. HP: 30/61 MP: 6/6
  2873 | D:4      | Reached skill level 5 in Shields
  2976 | D:4      | Reached skill level 7 in Axes
  3211 | D:4      | Reached skill level 8 in Axes
  3320 | D:4      | Reached XP level 8. HP: 70/70 MP: 7/7
  3995 | D:4      | Killed THTSBRD's ghost
  3996 | D:4      | Reached skill level 1 in Evocations
  4050 | D:5      | Entered Level 5 of the Dungeon
  4071 | D:5      | Found a sand-covered staircase.
  4081 | Ossuary  | Entered an ossuary
  4122 | Ossuary  | Reached skill level 9 in Axes
  4479 | D:5      | Reached skill level 10 in Axes
  4573 | D:5      | Reached XP level 9. HP: 74/78 MP: 8/8
  4834 | D:5      | Gained mutation: You are somewhat resistant to further
                  | mutation. [potion of mutation]
  4893 | D:5      | Noticed Duvessa
  4893 | D:5      | Noticed Dowan
  4906 | D:5      | Killed Duvessa
  4927 | D:5      | Killed Dowan
  5272 | D:5      | Found a staircase to the Ecumenical Temple.
  5306 | Temple   | Entered the Ecumenical Temple
  5315 | Temple   | Became a worshipper of Warmaster Okawaru
  5732 | D:6      | Reached skill level 1 in Invocations
  5933 | D:6      | Reached skill level 11 in Axes
  6180 | D:6      | Found a broken altar of Ashenzari.
  6210 | D:6      | Found a hide-covered altar of Uskayaw.
  6210 | D:6      | Found a basalt altar of Yredelemnul.
  6302 | D:6      | Reached * piety under Okawaru
  7487 | D:7      | Reached XP level 10. HP: 78/86 MP: 10/10
  8800 | D:8      | Found an opulent altar of Gozag.
  8874 | D:8      | Paralysed by a hornet for 3 turns
  8878 | D:8      | Reached ** piety under Okawaru
  8883 | D:8      | Paralysed by a hornet for 3 turns
  8887 | D:8      | Reached skill level 12 in Axes
  8890 | D:8      | HP: 4/88 [poisoned by a hornet]
  9406 | D:8      | You are sucked into a shaft and drop 3 floors!
  9422 | D:10     | Entered Level 10 of the Dungeon
  9499 | D:10     | Noticed a sixfirhy
  9531 | D:10     | Found a staircase to the Lair.
  9619 | D:10     | Reached *** piety under Okawaru
  9905 | D:9      | Noticed a two-headed ogre
  9913 | D:9      | Killed a two-headed ogre
  9914 | D:9      | Reached skill level 5 in Evocations
  9924 | D:9      | Noticed Psyche
  9930 | D:9      | Killed Psyche
 10098 | D:8      | Found a shimmering blue altar of Sif Muna.
 10862 | D:9      | Reached **** piety under Okawaru
 10863 | D:9      | Reached XP level 11. HP: 79/95 MP: 13/13
 10868 | D:9      | Identified a scroll of acquirement
 10868 | D:9      | Acquired 919 gold pieces
 10924 | D:9      | Found an ornate altar of the Wu Jian Council.
 11047 | D:9      | Noticed Maurice
 11055 | D:9      | Reached skill level 13 in Axes
 11061 | D:9      | Noticed a two-headed ogre
 11243 | D:9      | Noticed a two-headed ogre
 11487 | D:9      | Killed Maurice
 11511 | D:9      | Found a staircase to the Orcish Mines.
 11543 | D:9      | Found a large runed translucent door.
 11543 | D:9      | Found a large runed translucent door.
 11550 | D:9      | Noticed Taurus's ghost (novice MiFi)
 11665 | D:9      | Killed Taurus's ghost
 11743 | D:10     | Noticed Grum
 11752 | D:10     | Reached ***** piety under Okawaru
 11758 | D:10     | Killed Grum
 11759 | D:10     | Reached skill level 5 in Invocations
 12234 | Lair:1   | Entered Level 1 of the Lair of Beasts
 12708 | Lair:1   | Identified the +9 falchion of Ytedius {vorpal, rF+ Stlth+}
 12752 | Lair:1   | Reached skill level 10 in Armour
 13271 | Lair:1   | Reached skill level 14 in Axes
 13723 | Lair:2   | Identified the +11 flail of Jimue {freeze, rF+ rN+ Int+2
                  | SInv}
 13728 | Lair:2   | Found a hole to the Spider Nest.
 14067 | Lair:2   | Reached XP level 12. HP: 105/105 MP: 15/15
 14169 | Lair:2   | Reached ****** piety under Okawaru
 14695 | Lair:2   | Reached skill level 10 in Fighting
 14711 | Lair:2   | Identified the +0 cloak of Zamiatz {rPois rC+ Will- Int+4}
                  | (Okawaru gifted it to you on level 2 of the Lair of Beasts)
 14711 | Lair:2   | Received a gift from Okawaru
 15444 | Lair:2   | Reached skill level 15 in Axes
 15742 | Lair:3   | Found a staircase to the Shoals.
 17102 | Lair:4   | Found a staircase to the Slime Pits.
 17155 | Lair:4   | Found a viscous altar of Jiyva.
 17441 | Lair:4   | Noticed a death yak
 17441 | Lair:4   | Noticed a death yak
 17442 | Lair:4   | Noticed a death yak
 17442 | Lair:4   | Noticed a death yak
 17443 | Lair:4   | Noticed a death yak
 17444 | Lair:4   | Noticed a death yak
 17458 | Lair:4   | Killed a death yak
 17459 | Lair:4   | Reached XP level 13. HP: 69/115 MP: 17/17
 17514 | Lair:4   | HP: 2/116 [death yak (17)]
 17516 | Lair:4   | Mangled by a death yak

Illustrated notes

Levels and vault maps discovered:
D:1:      dpeg_arrival_pits, layout_rooms, shapermc_ecumenical_altar_gd
D:2:      layout_rooms
D:3:      kennysheep_six_static_rooms, layout_loops_ring,
          hangedman_decor_clover_reticule, nrook_mini_backslash,
          uniq_crazy_yiuf_cottage
D:4:      lemuel_castle_with_subvaults [lemuel_castle_interior_carwin_3],
          layout_loops_ring, nicolae_ru_awakened_eye, trog_hazing_becter,
          ebering_ghost_inner_flame, roderic_roman_lattice
D:5:      layout_gridville, minmay_temple_entry_trees, enter_ossuary_4,
          uniq_duvessa
D:6:      layout_basic, mainiacjoe_overflow_tiny_flanked,
          nicolae_overflow_hidden_temple, kennysheep_small_square
D:7:      layout_basic, grunt_decor_cap
D:8:      layout_loops_ring, tgw_sif, overflow_temple_1_default, minivault_26
D:9:      layout_rooms, mainiacjoe_overflow_brackets, david_orc_3,
          ebering_ghost_disaster_area, eino_small_chamber_without_monster,
          uniq_psyche, uniq_maurice
D:10:     layout_irregular_city, dpeg_oklobed_lair, uniq_grum
D:11:     layout_stronghold, kennysheep_generic_room_13, uniq_snorg
Temple:   eino_narrow_crystal_temple
Lair:1:   layout_misc_corridors, pond, grunt_megastairs_4
Lair:2:   beast_lair_carwin_large_3, layout_concentric_octagons,
          spider_nest_entry_funnel_web, grunt_megastairs_3
Lair:3:   layout_hall_layers, elwin_shoals_entry_rocks, grunt_megastairs_5,
          lemuel_fruit_tree, infiniplex_staircase_pool_2
Lair:4:   layout_regular_city, minmay_slime_entry_jelly_boxes,
          infiniplex_staircase_pool

Skill      XL: |  1  2  3  4  5  6  7  8  9 10 11 12 13 |
---------------+----------------------------------------+-----
Fighting       | 4 5 6 7 8 9 10 11 | 11.0
Shields        | 4 5 6 7 8 |  8.9
Armour         | 4 5 6 8 9 10 11 | 11.5
Axes           | 3 4 5 6 8 10 11 12 14 15 | 15.9
Evocations     | 2 4 5 6 7 |  7.7
Invocations    | 2 4 6 7 |  7.6

Action                   |  1- 3 |  4- 6 |  7- 9 | 10-12 | 13-15 || total
-------------------------+-------+-------+-------+-------+-------++-------
Melee: War axe           |    60 |   184 |   473 |   673 |    47 ||  1437
       Headbutt          |     6 |    21 |   104 |   134 |    11 ||   276
  Use: Scroll            |       |     8 |     8 |    11 |       ||    27
       Potion            |       |     1 |     1 |     1 |     4 ||     7
 Stab: Distracted        |       |       |       |     1 |       ||     1
Armor: Scale mail        |    37 |    17 |       |       |       ||    54
       Plate armour      |       |   160 |   299 |   597 |    18 ||  1074
       Skin              |       |       |    18 |       |       ||    18
Dodge: Dodged            |    44 |    52 |   131 |   215 |     4 ||   446
Block: Buckler           |    13 |    46 |   125 |   230 |     6 ||   420

Table legend: (Time is in decaauts)
 A = Elapsed time spent in this place.
 B = Non-inter-level travel time spent in this place.
 C = Inter-level travel time spent in this place.
 D = Time resting spent in this place.
 E = Time spent auto-exploring this place.
 F = Levels seen in this place.
 G = Mean time per level.
                   A        B        C        D        E       F      G
               +--------+--------+--------+--------+--------+-----+--------+
         Total |  17547 |  16669 |    878 |   4030 |   9341 |  17 | 1032.2 |
       Dungeon |  11996 |  11215 |    781 |   2429 |   6463 |  11 | 1090.5 |
        Temple |     17 |      4 |     13 |      0 |      0 |   1 |   17.0 |
          Lair |   5195 |   5111 |     84 |   1601 |   2723 |   4 | 1298.8 |
       Ossuary |    337 |    337 |      0 |      0 |    155 |   1 |  337.0 |
               +--------+--------+--------+--------+--------+-----+--------+

Top non-repeatable levels by time:
     D:8: 1883 daAuts
  Lair:2: 1759 daAuts
     D:4: 1666 daAuts
     D:7: 1542 daAuts
     D:3: 1514 daAuts
  Lair:1: 1462 daAuts
  Lair:4: 1294 daAuts
     D:5: 1256 daAuts
     D:6: 1236 daAuts
    D:10: 1014 daAuts
     D:9: 891 daAuts
  Lair:3: 679 daAuts
     D:1: 559 daAuts
     D:2: 415 daAuts
 Ossuary: 337 daAuts
